 Dungeon Sprint DCSS version 0.31-a0-667-g39726597b9 (webtiles) character file.

Game seed: 8355467846799422494

473 sircluck the Grappler (level 6, -3/71 HPs)
             Began as a Troll Berserker on Sept 3, 2023.
             Was a Believer of Trog.
             Slain by a boulder beetle (18 damage)
             ... in the Dungeon (Sprint II: "The Violet Keep of Menkaure").
             The game lasted 00:00:34 (109 turns).

sircluck the Grappler (Troll Berserker)              Turns: 109, Time: 00:00:35

Health: -3/71      AC:  4    Str: 28    XL:     6   Next: 84%
Magic:  5/5        EV: 11    Int:  3    God:    Trog [**....]
Gold:   243        SH:  0    Dex:  9    Spells: 5/5 levels left

rFire   . .          .
                       - Unarmed
rCold   . . .        (no shield)
rNeg    . . .        a - +0 animal skin
rPois   .            (helmet restricted)
rElec   .            (no cloak)
rCorr   .            (gloves unavailable)
SInv    .            (boots unavailable)
Will    .....        (no amulet)
Stlth   +            (no ring)
HPRegen 1.11/turn    (no ring)
MPRegen 0.09/turn

%: no teleportation
@: no status effects
A: large, unfitting armour, claws 3, regeneration 1, shaggy fur 1, tough skin 1
a: Renounce Religion, Berserk, Trog's Hand


You were in the Dungeon.
You worshipped Trog.
Trog was pleased with you.
You visited 1 branch You collected 243 gold pieces.

Inventory:

Armour
 a - a +0 animal skin (worn)
Scrolls
 g - a scroll of blinking
Potions
 b - a potion of curing
 c - a potion of heal wounds
 d - a potion of haste
 e - 2 potions of magic
 f - a potion of berserk rage


   Skills:
 + Level 7.6 Fighting
 + Level 7.5 Dodging
 + Level 9.0 Unarmed Combat


You had 5 spell levels left.
You didn't know any spells.
Your spell library was empty.

Dungeon Overview and Level Annotations

Branches:
Dungeon (1/1)

Altars:

Shops:
D :*=[(:!=?[(![(

Annotations:
D Roxanne


Innate Abilities, Weirdness & Mutations

You are too large for most types of armour.
You have claws for hands.
Your natural rate of healing is unusually fast.
You are covered in fur. (AC +1)
You have tough skin. (AC +1)


Message History

You mangle the water moccasin!!
You kill the water moccasin!
Trog accepts your kill.
Your Unarmed Combat skill increases to level 9!
No reachable target in view!
There is an open door, spattered with blood here.
You see here a +0 spear.
There is an open door, spattered with blood here.
There is a staircase leading out of the dungeon here.
You open the door. 2 boulder beetles come into view.
The boulder beetle leaps!
Found 243 gold pieces.
You close the door.
The boulder beetle leaps!
The boulder beetle curls into a ball and begins rolling!
There is a staircase leading out of the dungeon here.
You scratch the boulder beetle.
The boulder beetle is lightly wounded.
The boulder beetle hits you!!
The boulder beetle stops rolling and uncurls.
You claw the boulder beetle!
The boulder beetle is lightly wounded.
The boulder beetle bites you!!
You are too injured to fight recklessly!
You are too injured to fight recklessly!
You are too injured to fight recklessly!
You are too injured to fight recklessly!
You are too injured to fight recklessly!
You are too injured to fight recklessly!
You are too injured to fight recklessly!
You are too injured to fight recklessly!
You are too injured to fight recklessly!
You scratch the boulder beetle.
The boulder beetle is moderately wounded.
The boulder beetle bites you!
* * * LOW HITPOINT WARNING * * *
You scratch the boulder beetle but do no damage.
The boulder beetle is moderately wounded.
The boulder beetle bites you!!
You die...

#~## .~.~~
########~~#+++#+++##
#######~~~.........#
...∩.∩#~~~~.##'##..#
..∩.∩.#~~~~##...##.####
.∩....#~~~~#..#..#....#
∩.∩...#~~####.).####..##
.∩....#~##. ##B## ##..#
∩.∩...#~#.○.##@## #..#
.∩.∩..+~+ #+.<.+ +..###
..∩.∩.#~#$.B##.##
#....###. ▓▓▓▓###~##.
#+# ##......~~~
S######~~###
###~~.....~#+ S# ##~~~#
#~~~~~~~..~#. #+#~##
##~~~~~~~~.~#.
#~~##+##~~~§§≈~~§~~#.
##~~~~~~~~§~≈≈≈≈~~~#.


You could see a boulder beetle.

Vanquished Creatures
  A merfolk siren (D)
  2 water moccasins (D)
3 creatures vanquished.

Vanquished Creatures (others)
  Menkaure (D)
1 creature vanquished.

Grand Total: 4 creatures vanquished

Notes
Turn   | Place    | Note
-------+----------+-------------------------------------------
     0 | D        | sircluck the Troll Berserker began the quest for the Orb.
     0 | D        | Reached XP level 1. HP: 22/22 MP: 0/0
     1 | D        | Noticed a merfolk siren
    22 | D        | Killed a merfolk siren
    23 | D        | Reached skill level 8 in Unarmed Combat
    23 | D        | Reached XP level 2. HP: 16/37 MP: 1/1
    23 | D        | Reached XP level 3. HP: 19/45 MP: 2/2
    23 | D        | Reached XP level 4. HP: 23/53 MP: 3/3
    23 | D        | Reached XP level 5. HP: 26/61 MP: 4/4
    23 | D        | Reached XP level 6. HP: 29/68 MP: 5/5
    23 | D        | Killed Menkaure
    29 | D        | Noticed Roxanne
    30 | D        | Noticed a water moccasin
    36 | D        | Killed a water moccasin
    36 | D        | Reached ** piety under Trog
    38 | D        | Found Ecayst's Antique Weapon Shoppe.
    39 | D        | Found Uhoxab's Distillery.
    40 | D        | Found Fapu's Armour Emporium.
    40 | D        | Found Otrounuh's Antique Weapon Shoppe.
    41 | D        | Found Cefigg's Book Emporium.
    41 | D        | Found Puli's Distillery.
    41 | D        | Found Zodatoh's Jewellery Emporium.
    42 | D        | Found Hootatri's Antique Armour Emporium.
    42 | D        | Found Ciarphito's Magic Scroll Shoppe.
    43 | D        | Found Jomibam's Jewellery Emporium.
    43 | D        | Found Ruical's Antique Armour Shoppe.
    43 | D        | Found Vileusow's Antique Weapon Emporium.
    46 | D        | Found Needghev's Book Emporium.
    46 | D        | Found Mishridu's General Store.
    46 | D        | Noticed a water moccasin
    47 | D        | Noticed a water moccasin
    54 | D        | Noticed a flying skull
    56 | D        | Noticed a flying skull
    60 | D        | Noticed a flying skull
    62 | D        | Noticed a flying skull
    62 | D        | Noticed a flying skull
    63 | D        | Noticed a flying skull
    63 | D        | Noticed a flying skull
    63 | D        | Noticed a flying skull
    63 | D        | Noticed a flying skull
    63 | D        | Noticed a flying skull
    63 | D        | Noticed a flying skull
    64 | D        | Noticed a flying skull
    66 | D        | Noticed a water moccasin
    69 | D        | Killed a water moccasin
    70 | D        | Reached skill level 9 in Unarmed Combat
   102 | D        | Noticed a boulder beetle
   102 | D        | Noticed a boulder beetle
   109 | D        | Slain by a boulder beetle

Illustrated notes

Levels and vault maps discovered:
D:        the_violet_keep_of_menkaure [sprint2_stairs_cluster_1,
          sprint2_shoproom, sprint2_temple, sprint2_basic_supplies,
          sprint2_obstacle_1, sprint2_obstacle_5, sprint2_obstacle_6,
          sprint2_obstacle_7, sprint2_obstacle_4, sprint2_timed_cluster_1,
          sprint2_smallroom_cluster_1, sprint2_smallroom_final_cluster_1,
          sprint2_transparent_cluster_1, sprint2_second_timed_cluster_1,
          sprint2_sniper_area_1, sprint2_heavy_combat_area_1,
          sprint2_mutation_trap_area_1, sprint2_forest_area_1,
          sprint2_light_combat_area_1, sprint2_behind_water_1,
          sprint2_near_end_vault_1]

Skill      XL: |  1  2  3  4  5  6 |
---------------+-------------------+-----
Fighting       | 6 7 |  7.6
Dodging        | 6 7 |  7.5
Unarmed Combat | 8 9 |  9.0

Action                     |  1- 3 |  4- 6 || total
---------------------------+-------+-------++-------
  Melee: Unarmed           |    20 |    11 ||    31
         Punch             |     1 |       ||     1
 Armour: Animal skin       |     6 |     8 ||    14
  Dodge: Dodged            |     2 |     3 ||     5

Table legend: (Time is in decaauts)
 A = Elapsed time spent in this place.
 B = Non-inter-level travel time spent in this place.
 C = Inter-level travel time spent in this place.
 D = Time resting spent in this place.
 E = Time spent auto-exploring this place.
 F = Levels seen in this place.
 G = Mean time per level.
                   A        B        C        D        E       F      G
               +--------+--------+--------+--------+--------+-----+--------+
         Total |    106 |    106 |      0 |      0 |      1 |   1 |  106.0 |
       Dungeon |    106 |    106 |      0 |      0 |      1 |   1 |  106.0 |
               +--------+--------+--------+--------+--------+-----+--------+

Top non-repeatable levels by time:
       D: 106 daAuts
